 Dungeon Crawl Stone Soup version 0.23.2-40-g277498a001 (webtiles) character file.

Game seed: 5752333632960881537

357 Martska the Skirmisher (level 6, -6/57 HPs)
             Began as a Hill Orc Fighter on Oct 9, 2019.
             Mangled by an ogre
             ... wielding a +0 giant club
              (21 damage)
             ... on level 4 of the Dungeon.
             The game lasted 00:10:49 (3785 turns).

Martska the Skirmisher (Hill Orc Fighter)           Turns: 3785, Time: 00:10:50

Health: -6/57      AC:  8    Str: 20 (21) XL:     6   Next: 64%
Magic:  6/6        EV:  7    Int:  5 (8)  God:
Gold:   151        SH:  9    Dex:  9 (10) Spells: 5/5 levels left

rFire    . . .     SeeInvis .   a - +0 war axe
rCold    . . .     Gourm    .   c - +0 shield
rNeg     . . .     Faith    .   b - +0 scale mail
rPois    .         Spirit   .   r - +0 helmet
rElec    .         Reflect  .   (no cloak)
rCorr    .         Harm     .   (no gloves)
MR       .....                  (no boots)
Stlth    ..........             (no amulet)
HPRegen  0.19/turn              (no ring)
MPRegen  0.10/turn              (no ring)

@: no status effects
A: no striking features
a: no special abilities


You were on level 4 of the Dungeon.
You were hungry.

You visited 1 branch of the dungeon, and saw 4 of its levels.

You collected 151 gold pieces.

Inventory:

Hand Weapons
 a - a +0 war axe (weapon)
Armour
 b - a +0 scale mail (worn)
 c - a +0 shield (worn)
 h - a +0 naga barding
 r - a +0 helmet (worn)
Jewellery
 u - a -4 ring of dexterity
Scrolls
 g - 2 scrolls of identify
 j - a scroll of immolation
 l - a scroll of teleportation {unknown}
 m - a scroll of fog {unknown}
 n - 2 scrolls of amnesia
 s - a scroll of noise {unknown}
 t - 2 scrolls of enchant weapon
Potions
 d - 2 potions of might
 e - a potion of cancellation
 o - a potion of degeneration
 q - 2 potions of agility
 w - a potion of mutation {unknown}
Comestibles
 f - 7 rations


   Skills:
 * Level 5.8 Fighting
 * Level 5.6 Axes
 + Level 4.3 Armour
 + Level 4.4 Shields


You had 5 spell levels left.
You didn't know any spells.
Your spell library was empty.

Dungeon Overview and Level Annotations

Branches:
Dungeon (4/15)
 Temple: D:4-7

Altars:
Dithmenos
Ru


Message History

You slash the ogre!
The ogre is moderately wounded.
The ogre hits you with a +0 giant club!
Your shield prevents you from hitting the ogre.
The ogre is moderately wounded.
The ogre hits you with a +0 giant club!!
You slash the ogre!
The ogre is severely wounded.
The ogre hits you with a +0 giant club.
You barely miss the ogre.
The ogre is severely wounded.
You block the ogre's attack.
You barely miss the ogre.
The ogre is severely wounded.
The ogre hits you with a +0 giant club!
* * * LOW HITPOINT WARNING * * *
You hit the ogre.
The ogre is almost dead.
The ogre hits you with a +0 giant club!!
You die...

.#
#.########.#####
.#
#.#............#
.#
#.#...####..####
.# #.#,*,* #..# .#
#.###,* #..#
.#####...#,* #..#
...>####.#.####..#
###.##...#.......#
**#.##.#########@#
,,#....#*******#O#
,,#####......,,..#
,,* *.#####*####
,,* *.# ,,* *.#
+** *.# ,* *.#
,******,*


You could see an ogre.

Vanquished Creatures
  An ogre (D:4)
  2 orc priests
  4 orc wizards
  Robin (D:3)
  2 adders (D:3)
  An ooze (D:3)
  3 dart slugs (D:1)
  3 leopard geckos
  5 orcs
  10 bats
  2 giant cockroaches
  11 goblins
  6 hobgoblins
  9 kobolds
  2 quokkas
  2 ball pythons (D:2)
  4 frilled lizards (D:1)
  9 rats
77 creatures vanquished.

Notes
Turn   | Place    | Note
-------+----------+-------------------------------------------
     0 | D:1      | Martska the Hill Orc Fighter began the quest for the Orb.
     0 | D:1      | Reached XP level 1. HP: 19/19 MP: 1/1
   215 | D:1      | Reached XP level 2. HP: 27/27 MP: 2/2
   532 | D:1      | Reached XP level 3. HP: 26/33 MP: 3/3
  1210 | D:2      | Found a shadowy altar of Dithmenos.
  1395 | D:2      | Found a sacrificial altar of Ru.
  1414 | D:2      | Reached XP level 4. HP: 40/41 MP: 4/4
  1582 | D:2      | You fall through a shaft!
  1635 | D:3      | Reached XP level 5. HP: 28/47 MP: 5/5
  1660 | D:3      | Reached skill level 5 in Fighting
  2155 | D:3      | Noticed Robin
  2171 | D:3      | Killed Robin
  2612 | D:4      | Noticed an ogre
  2621 | D:4      | Killed an ogre
  2621 | D:4      | Reached skill level 5 in Axes
  2621 | D:4      | Reached XP level 6. HP: 14/56 MP: 6/6
  3785 | D:4      | Mangled by an ogre

Skill      XL: |  1  2  3  4  5 |
---------------+----------------+-----
Fighting       | 4 5 |  5.8
Axes           | 3 4 5 |  5.6
Shields        | 4 |  4.4
Armour         | 4 |  4.3

Action                   |  1- 3 |  4- 6 || total
-------------------------+-------+-------++-------
Melee: War axe           |   136 |   132 ||   268
  Use: Scroll            |       |     8 ||     8
       Potion            |       |     6 ||     6
 Stab: Paralysed         |       |     1 ||     1
  Eat: Ration            |     1 |     1 ||     2
       Chunk             |       |     2 ||     2
Armor: Scale mail        |    76 |    49 ||   125
       Skin              |       |     5 ||     5
Dodge: Dodged            |    54 |    38 ||    92
Block: Shield            |   103 |    68 ||   171
